Map: Thunderbird LE

Players

joinUKIP

  • Race: Terran Terran
  • Spawn Location: 5:00

ieLLiMo - Winner!

  • Race: Protoss Protoss
  • League: Master
  • Spawn Location: 11:00

VOD

Have the link to the VOD?

Description

Time

  • Played on: June 14, 2019, 6:31 a.m.
  • Length: 10:45
Show
View Real Time Build Order
Export as new Build Order

joinUKIP Terran 

Build Orders: Reaper Expand 

Get SALT Encoding   

  12  0:01  SCV  
  13  0:13  SCV  
  14  0:17  Supply Depot  
  14  0:26  SCV  
  15  0:38  SCV  
  15  0:40  Barracks  
  16  0:44  Refinery  
  16  0:50  SCV  
  17  1:02  SCV  
  18  1:15  SCV  
  19  1:31  Reaper  
  19  1:32  Orbital Command  
  20  1:46  Command Center  
  20  1:53  Supply Depot  
  20  1:57  SCV  
  21  2:03  Marine  
  22  2:11  Factory  
  22  2:14  SCV  
  23  2:20  Refinery  
  23  2:22  Barracks Reactor  
  23  2:27  SCV  
  24  2:46  SCV  
  25  2:56  Widow Mine  
  25  2:58  SCV, Marine x2  
  27  3:00  Starport  
  27  3:01  Orbital Command  
  30  3:11  SCV  
  31  3:17  Widow Mine  
  33  3:22  Marine x2  
  33  3:23  SCV  
  36  3:35  SCV  
  36  3:39  Marine  
  36  3:40  Widow Mine, Medivac, Marine  
  43  3:48  SCV x2  
  44  3:58  Barracks  
  44  3:59  Barracks, Marine, Supply Depot  
  45  4:06  Factory Tech Lab  
  45  4:07  SCV  
  46  4:10  Supply Depot  
  46  4:17  Starport Reactor  
  46  4:18  Engineering Bay  
  46  4:25  SCV x2  
  48  4:33  Siege Tank  
  48  4:35  Supply Depot  
  48  4:37  SCV x2, Supply Depot  
  53  4:42  Marine x2  
  55  4:49  SCV, Barracks Tech Lab x2  
  56  4:54  Barracks  
  56  4:59  Barracks  
  54  5:04  SCV  
  49  5:08  SCV  
  49  5:13  Missile Turret  
  47  5:16  SCV  
  40  5:23  SCV  
  40  5:31  Missile Turret  
  32  5:52  SCV  
  31  6:13  Marine  
  31  6:14  Marauder  
  33  6:24  SCV x2, Missile Turret  
  31  6:36  SCV x2  
  32  6:48  SCV  
  32  6:51  Combat Shield  
  33  6:57  Barracks Reactor x2  
  33  7:00  SCV  
  34  7:08  Marine  
  34  7:09  Marine  
  34  7:10  SCV  
  34  7:12  SCV  
  34  7:13  Stimpack  
  38  7:20  Widow Mine  
  38  7:21  Widow Mine  
  38  7:22  SCV  
  43  7:24  SCV  
  43  7:28  Marine x2  
  46  7:33  Marine  
  46  7:34  SCV, Marine  
  46  7:35  Marine  
  50  7:38  Marine  
  50  7:43  SCV  
  52  7:46  Widow Mine  
  52  7:47  Widow Mine  
  56  7:53  Raven  
  56  7:54  SCV  
  56  7:55  SCV  
  56  7:56  Marine  
  56  7:57  Marine  
  62  7:59  Marine  
  62  8:02  Marine  
  64  8:06  SCV  
  64  8:09  Widow Mine x2  
  69  8:13  Marine  
  69  8:17  Supply Depot  
  70  8:20  Supply Depot  
  70  8:29  Supply Depot  
  70  8:35  Marine  
  70  8:36  Marine x2  
  56  8:43  Marine x3  
  56  8:48  Widow Mine x2  
  62  8:49  Terran Infantry Weapons Level 1  
  62  8:50  Marauder  
  62  8:54  Marine x2  
  66  8:57  SCV  
  66  9:01  Marine x2, Marauder  
  71  9:08  Marine  
  72  9:11  Marine x2  
  74  9:20  Marine x3  
  74  9:21  Marine  
  78  9:25  Widow Mine  
  78  9:27  Widow Mine  
Show
View Real Time Build Order
Export as new Build Order

ieLLiMo Protoss - Winner!

Build Orders: 1 Gate Expand, Dark Templar Rush 

Get SALT Encoding   

  12  0:00  Probe  
  13  0:12  Probe  
  14  0:17  Pylon  
  14  0:24  Probe  
  15  0:33  Probe  
  15  0:37  Gateway  
  15  0:41  Probe  
  17  0:50  Assimilator  
  17  0:51  Probe  
  18  1:03  Probe  
  19  1:15  Probe  
  20  1:25  Cybernetics Core  
  20  1:27  Probe  
  21  1:39  Probe  
  22  1:42  Nexus  
  22  1:47  Pylon  
  22  1:51  Probe  
  23  2:05  Stalker, Warp Gate  
  23  2:07  Assimilator  
  25  2:17  Probe  
  26  2:24  Pylon  
  26  2:33  Probe, Twilight Council  
  27  2:42  Adept  
  27  2:45  Probe  
  30  2:58  Probe x2  
  32  3:10  Probe x2  
  32  3:12  Dark Shrine  
  34  3:18  Adept  
  36  3:22  Probe  
  36  3:23  Probe  
  36  3:24  Gateway  
  37  3:39  Probe x2  
  38  3:50  Gateway x2  
  38  3:51  Probe x2  
  40  4:02  Assimilator  
  40  4:03  Probe x2  
  40  4:04  Assimilator  
  42  4:10  Charge  
  42  4:13  Pylon  
  42  4:15  Probe x2  
  44  4:27  Probe x2  
  46  4:31  Dark Templar x2  
  50  4:39  Probe x2  
  50  4:44  Pylon  
  52  4:46  Robotics Facility  
  52  4:48  Dark Templar  
  52  4:49  Pylon  
  52  4:51  Probe x2  
  56  5:11  Probe x2  
  56  5:13  Adept  
  39  5:23  Probe  
  39  5:27  Dark Templar x2  
  44  5:29  Probe  
  44  5:31  Probe  
  46  5:38  Probe, Forge  
  46  5:39  Probe  
  45  5:46  Dark Templar  
  45  5:47  Probe  
  45  5:48  Zealot  
  45  5:49  Probe  
  52  5:59  Probe  
  51  6:11  Probe x2  
  51  6:13  Stalker x2  
  51  6:14  Stalker  
  57  6:19  Pylon  
  57  6:20  Protoss Ground Weapons Level 1  
  57  6:23  Probe  
  57  6:24  Probe  
  57  6:29  Zealot  
  59  6:35  Probe  
  59  6:36  Probe  
  59  6:46  Zealot x3  
  65  6:47  Probe  
  65  6:48  Probe  
  67  7:00  Templar Archives  
  67  7:02  Zealot  
  67  7:06  Observer  
  67  7:07  Probe x2  
  72  7:19  Probe  
  72  7:20  Nexus  
  72  7:21  Pylon  
  73  7:24  Dark Templar, Stalker  
  73  7:25  Zealot  
  73  7:27  Zealot  
  81  7:38  Probe x2  
  81  7:43  Observer  
  84  7:50  Dark Templar x2, Probe  
  84  7:51  Zealot  
  91  7:57  Zealot  
  93  8:01  Pylon  
  93  8:02  Probe  
  93  8:04  Pylon  
  94  8:05  Archon  
  94  8:13  Psionic Storm  
  94  8:16  Gateway  
  94  8:18  Pylon  
  94  8:19  Probe  
  92  8:34  Gateway  
  92  8:38  Blink  
  80  8:44  High Templar, Probe x3  
  80  8:45  High Templar, Zealot x2  
  83  8:53  Assimilator  
  83  8:56  Probe x3  
  83  8:57  Assimilator  
  86  9:04  Pylon  
  86  9:09  Gateway x2  
  86  9:11  Gateway  
  86  9:12  Gateway  
  86  9:17  High Templar  
  86  9:18  Zealot x3  
  86  9:19  Observer  
  94  9:27  Probe x2  
  94  9:28  Probe  
  98  9:35  Observer  
  98  9:38  Sentry  
  100  9:39  High Templar, Zealot x3  
  109  9:49  Probe x3  
  112  9:53  High Templar  
  114  10:01  Pylon  
  114  10:02  Dark Templar  
  116  10:13  High Templar, Zealot x4  
  129  10:15  Zealot x3  
  127  10:26  Zealot  
  106  10:34  Stalker x3  
  106  10:35  Zealot x2  
Tags
 
Add a new tag
Caveats
  • Supply blocks, unpowered buildings, or Contaminate may cause inaccurate times.
  • Supply counts are checked every 10 seconds.